Map: Heavy Artillery LE

Players

Duffman - Winner!

  • Race: Terran Terran
  • Spawn Location: 1:00

Ivadios - Winner!

  • Race: Terran Terran
  • League: Bronze
  • Spawn Location: 3:00

kRiSTaliD

  • Race: Zerg Zerg
  • League: Gold
  • Spawn Location: 7:00

sharobidin

  • Race: Terran Terran
  • League: Bronze
  • Spawn Location: 7:00

VOD

Have the link to the VOD?

Description

Time

  • Played on: June 6, 2020, 3:06 p.m.
  • Length: 9:24
Show
View Real Time Build Order
Export as new Build Order

Duffman Terran - Winner!

Build Orders: Gas First Reaper Expand 

Get SALT Encoding   

  12  0:10  SCV  
  13  0:22  SCV, Supply Depot  
  14  0:28  Refinery  
  14  0:50  Barracks  
  14  0:53  SCV  
  15  1:05  SCV  
  16  1:17  SCV  
  17  1:37  Orbital Command  
  17  1:39  Reaper  
  18  2:00  Command Center, Factory  
  18  2:11  Barracks Tech Lab  
  18  2:17  SCV  
  19  2:40  SCV, Marine  
  19  2:43  Factory Tech Lab  
  21  2:48  Refinery  
  21  2:52  SCV  
  22  3:06  SCV  
  23  3:14  Siege Tank  
  23  3:16  Orbital Command  
  23  3:18  SCV  
  23  3:19  Marine  
  28  3:27  Barracks  
  28  3:29  Barracks  
  28  3:36  SCV, Supply Depot  
  28  3:38  Marauder  
  28  3:39  Stimpack  
  31  3:59  SCV  
  31  4:00  SCV  
  33  4:11  SCV  
  33  4:12  SCV  
  33  4:17  Barracks Reactor x2  
  34  4:32  SCV x2  
  34  4:34  Marine  
  34  4:37  Siege Tank  
  40  4:42  Starport  
  40  4:44  SCV x2  
  42  4:46  Refinery  
  42  4:47  Refinery  
  42  4:53  Supply Depot  
  42  4:54  Marine  
  42  4:55  Marine x3  
  42  4:56  Supply Depot  
  46  5:08  SCV x2, Marauder  
  50  5:20  SCV x2, Starport Reactor  
  52  5:23  Marine x3  
  52  5:24  Marine  
  52  5:28  Siege Tank  
  59  5:30  Marauder  
  59  5:32  SCV x2  
  63  5:41  Marine x4  
  67  5:44  SCV  
  67  5:46  Engineering Bay  
  67  5:47  Engineering Bay  
  69  5:50  SCV  
  69  5:56  SCV  
  70  6:18  Supply Depot x2  
  70  6:19  Missile Turret  
  70  6:28  Terran Infantry Weapons Level 1, Terran Infantry Armor Level 1  
  70  6:32  Supply Depot  
  70  6:39  Medivac x2, Marauder, Marine x2  
  78  6:40  SCV, Marine x2, Siege Tank  
  84  6:57  Marine  
  84  7:01  Marauder  
  87  7:14  Marine x3  
  90  7:17  Medivac x2  
  90  7:21  Combat Shield  
  94  7:36  Marauder  
  92  7:48  Marine x2  
  94  8:01  Marine  
  94  8:14  Marine  
  94  8:15  Marauder  
  94  8:17  Medivac  
  94  8:40  Concussive Shells  
Show
View Real Time Build Order
Export as new Build Order

Ivadios Terran - Winner!

Build Orders:  

Get SALT Encoding   

  12  0:24  Supply Depot  
  12  0:48  Barracks  
  12  0:53  SCV  
  13  1:05  SCV  
  13  1:08  Barracks  
  14  1:17  SCV  
  15  1:29  SCV  
  16  1:41  SCV  
  16  1:44  Barracks  
  17  1:50  Marine  
  18  1:59  Supply Depot  
  18  2:07  Supply Depot  
  18  2:08  Marine  
  18  2:11  Supply Depot  
  19  2:26  Marine  
  20  2:44  Refinery, Marine  
  21  3:01  Marine  
  22  3:05  Engineering Bay  
  22  3:07  Engineering Bay  
  22  3:11  Marine  
  22  3:12  Marine  
  24  3:18  SCV  
  24  3:19  Marine  
  26  3:26  Supply Depot  
  26  3:29  Marine x2  
  26  3:30  SCV  
  29  3:37  Marine  
  30  3:42  SCV  
  31  3:54  SCV, Terran Infantry Weapons Level 1  
  32  4:06  SCV  
  33  4:28  Marine x3  
  36  4:39  Factory  
  36  4:45  Refinery  
  36  4:46  Marine x3  
  39  5:04  Marine x3  
  42  5:19  Orbital Command  
  42  5:21  Marine  
  42  5:22  Marine x2, Terran Infantry Armor Level 1  
  45  5:41  Starport  
  45  5:50  Factory Tech Lab  
  45  6:07  Marine x3  
  48  6:25  Marine x3  
  51  6:43  Marine x3  
  53  7:01  Marine x2  
Show
View Real Time Build Order
Export as new Build Order

kRiSTaliD Zerg 

Build Orders: Pool First, Roach Hydra 

Get SALT Encoding   

  12  0:01  Drone  
  13  0:15  Drone  
  14  0:26  Spawning Pool  
  13  0:30  Drone  
  14  0:37  Extractor  
  14  0:39  Drone  
  14  0:40  Extractor  
  14  0:42  Drone  
  14  0:49  Overlord  
  15  1:09  Drone x2  
  17  1:12  Queen  
  19  1:23  Roach Warren  
  18  1:35  Drone x2  
  18  1:36  Drone  
  21  1:40  Extractor  
  20  1:48  Overlord  
  20  2:03  Drone  
  20  2:07  Lair  
  21  2:11  Roach  
  23  2:35  Hatchery  
  22  2:41  Overlord  
  22  3:01  Roach x3  
  28  3:10  Hydralisk Den  
  27  3:32  Drone x3  
  30  3:35  Overlord  
  30  3:42  Overlord  
  30  3:58  Hydralisk x2  
  34  4:10  Drone x3  
  37  4:20  Queen  
  39  4:24  Drone  
  40  4:41  Hydralisk  
  40  4:42  Hydralisk  
  40  4:44  Drone x2  
  46  4:51  Spine Crawler  
  45  4:53  Drone  
  45  4:55  Drone  
  47  5:02  Spore Crawler  
  47  5:06  Grooved Spines  
  46  5:16  Glial Reconstitution  
  46  5:20  Drone  
  47  5:24  Drone  
  47  5:25  Drone  
  47  5:28  Drone  
  50  5:33  Overlord  
  50  5:38  Overlord  
  50  5:50  Extractor x2  
  50  5:52  Drone x2  
  50  5:54  Evolution Chamber  
  50  5:55  Evolution Chamber  
  48  5:57  Overlord  
  48  6:02  Overlord  
  48  6:04  Drone  
  49  6:14  Drone x2  
  49  6:17  Muscular Augments  
  51  6:20  Zerg Missile Weapons Level 1  
  51  6:21  Zerg Ground Armor Level 1  
  51  6:23  Drone  
  52  6:25  Drone  
  52  6:28  Drone  
  54  6:39  Hydralisk x2  
  54  6:40  Hydralisk  
  40  7:10  Hydralisk x5  
  40  7:11  Hydralisk x2  
  39  7:38  Roach x2  
  39  7:39  Roach x4  
Show
View Real Time Build Order
Export as new Build Order

sharobidin Terran 

Build Orders:  

Get SALT Encoding   

  12  0:16  Refinery  
  12  0:38  Supply Depot  
  12  0:43  SCV  
  13  0:56  SCV  
  14  1:08  SCV  
  15  1:12  Barracks  
  15  1:20  SCV  
  16  1:32  SCV  
  17  1:44  SCV  
  18  1:54  Engineering Bay  
  18  1:56  SCV  
  19  2:02  Supply Depot  
  20  2:08  SCV  
  20  2:09  Barracks Tech Lab  
  20  2:20  SCV  
  20  2:22  Supply Depot  
  21  2:38  Factory  
  21  2:44  Marine  
  21  2:47  Combat Shield  
  22  3:02  Marine  
  23  3:20  Marine  
  23  3:25  Supply Depot  
  24  3:37  Marine  
  24  3:40  Factory  
  25  3:55  Marine  
  25  4:01  Refinery  
  26  4:04  SCV  
  26  4:06  Stimpack  
  27  4:13  Marine  
  27  4:16  SCV  
  29  4:20  Terran Infantry Weapons Level 1  
  29  4:24  Command Center  
  29  4:28  SCV  
  29  4:31  Marine  
  31  4:40  SCV  
  32  4:49  Marine  
  32  4:52  SCV  
  34  4:57  Factory Tech Lab  
  34  5:02  Factory  
  34  5:18  Refinery  
  34  5:22  Refinery  
  34  5:44  Factory Tech Lab  
  34  5:45  Starport  
  34  5:56  SCV  
  35  6:08  SCV  
  35  6:09  Cyclone  
  39  6:15  Terran Infantry Armor Level 1  
  39  6:18  Marine  
  40  6:20  SCV  
  40  6:22  Cyclone  
  45  6:32  SCV  
  45  6:36  Marine  
  46  6:41  Cyclone  
  46  6:44  SCV  
  50  6:53  Marine  
  38  7:11  Marine  
  36  7:29  Marine  
  35  7:35  Hellion  
  37  7:38  Hellion  
  37  7:43  Liberator  
  37  7:57  Hellion  
  38  8:02  Hellion  
  18  8:25  Liberator  
Tags
 
Add a new tag
Caveats
  • Supply blocks, unpowered buildings, or Contaminate may cause inaccurate times.
  • Supply counts are checked every 10 seconds.